 Dungeon Crawl Stone Soup version bcrawl-1.40.3b (webtiles) character file.

Game seed: 9985214617460262582

214977 Artagas the Fighter (level 9, -1/90 HPs)
             Began as a Naga Berserker on Nov 29, 2023.
             Was an Elder of Trog.
             Slain by a death yak (13 damage)
             ... on level 7 of the Dungeon.
             The game lasted 00:08:03 (7894 turns).

Artagas the Fighter (Naga Berserker)                Turns: 7894, Time: 00:08:03

Health: -1/90      AC: 11    Str: 22    XL:     9   Next: 38%
Magic:  9/9        EV:  8    Int:  9    God:    Trog [****..]
Gold:   344        SH:  7    Dex: 10    Spells: 8/8 levels left

rFire    . . .     GDR:     23% C - +0 war axe
rCold    . . .     SeeInvis +   H - +2 buckler {AC+3}
rNeg     . . .     Gourm    .   J - +1 ring mail {MR+}
rPois    +         Faith    .   z - +1 helmet
rElec    .         Spirit   .   r - scarf {repulsion}
rCorr    .         Reflect  .   (no gloves)
MR       ++...                  (no barding)
Stlth    ..........             m - amulet of rage
HPRegen  1.45/turn              (no ring)
MPRegen  0.11/turn              (no ring)

@: exhausted, regenerating, slowed, repel missiles, very slow
A: large, tail, swims, see invisible, deformed body, poison resistance, slowness
2, slow metabolism 1, spit poison 1, AC +3
a: Spit Poison, Berserk, Trog's Hand, Brothers in Arms, Renounce Religion, Evoke
Berserk Rage


You were on level 7 of the Dungeon.
You worshipped Trog.
Trog was greatly pleased with you.
You were hungry.

You visited 1 branch of the dungeon, and saw 7 of its levels.

You collected 454 gold pieces.
You spent 110 gold pieces at shops.

Inventory:

Hand Weapons
 a - a +0 hand axe
 f - a +0 blowgun
   (You took it off a kobold on level 3 of the Dungeon)
 C - a +0 war axe (weapon)
   (You bought it in a shop on level 4 of the Dungeon)
 F - the +3 sling "Punk" {acid, rCorr}
   (You found it on level 6 of the Dungeon)

   It provides partial protection from all sources of acid and corrosion.
Missiles
 l - 74 exploding tomahawks
 u - 44 poisoned needles
 y - 28 poisoned tomahawks (quivered)
 G - 195 sling bullets
Armour
 r - a scarf of repulsion (worn)
   (You found it on level 5 of the Dungeon)
 z - a +1 helmet (worn)
   (You found it on level 4 of the Dungeon)
 H - a +2 buckler of protection (worn)
   (You found it on level 6 of the Dungeon)
 J - a +1 ring mail of magic resistance (worn)
   (You took it off an orc on level 6 of the Dungeon)
Jewellery
 b - an uncursed ring of ice
   (You found it on level 4 of the Dungeon)
 m - an amulet of rage (around neck)
   (You found it on level 2 of the Dungeon)
Wands
 v - a wand of digging (8)
   (You found it on level 6 of the Dungeon)
 A - a wand of charming (10)
   (You found it on level 5 of the Dungeon)
 E - a wand of paralysis (5)
   (You found it on level 5 of the Dungeon)
Scrolls
 h - a scroll of amnesia {unknown}
 k - 3 scrolls of immolation
 p - a scroll of blinking {unknown}
 s - a scroll of enchant weapon {unknown}
 t - 2 scrolls of teleportation
 w - 3 scrolls of remove curse
 I - a scroll of fear {unknown}
Potions
 c - a potion of agility {unknown}
 d - 2 potions of might
 g - a potion of degeneration {unknown}
 i - a potion of haste {unknown}
 j - 3 potions of lignification {unknown}
 n - a potion of flight {unknown}
 o - 2 potions of mutation {unknown}
 q - 4 potions of curing
 x - a potion of brilliance {unknown}
 B - a potion of resistance
Comestibles
 e - 10 rations {!d}


   Skills:
 + Level 8.8 Fighting
 + Level 8.8 Axes
 - Level 1.5 Armour
 - Level 1.5 Dodging
 + Level 2.9 Shields


You had 8 spell levels left.
You didn't know any spells.
Your spell library was empty.

Dungeon Overview and Level Annotations

Branches:
Dungeon (7/12)             Temple (0/1) D:4
   Lair: D:7-9

Altars:
Fedhas
Makhleb
Wu Jian

Shops:
D:4 *


Innate Abilities, Weirdness & Mutations

You cannot wear boots.
You can swim through water.
Your serpentine skin is tough. (AC +3)
You have supernaturally acute eyesight. (SInv)
Armour fits poorly on your strangely shaped body.
Your system is resistant to poisons. (rPois)
You cover ground very slowly.
You have a slow metabolism.
You can spit poison.


Message History

Trog accepts your kill.
You slice the jelly!!
You kill the jelly!
Trog accepts your kill.
Prince Ribbit hits you but does no damage.
Found a stone staircase leading up.
Things that are here:
a +0 hand axe; an orc corpse You hit Prince Ribbit.
Prince Ribbit is lightly wounded.
Prince Ribbit hits you! Prince Ribbit barely misses you.
You slice Prince Ribbit!!
Prince Ribbit is severely wounded.
You are no longer berserk.
You almost pass out, but Trog's vigour flows through you.
You are exhausted.
You feel yourself slow down. Prince Ribbit barely misses you.
Your skin crawls, and Trog's vigour flows through you.
You are starving!
Prince Ribbit hits you!
You eat one of the 11 rations {!d}.
That ration really hit the spot!
The death yak barely misses you.
A red film seems to cover your vision as you go berserk!
You feel yourself moving faster!
You feel mighty!
You feel a lot more hungry. Prince Ribbit hits you. The death yak gores you!
Prince Ribbit closely misses you.
You slash the death yak!
The death yak is lightly wounded.
You closely miss Prince Ribbit.
The death yak gores you but does no damage.
Prince Ribbit hits you! You block the death yak's attack.
You barely miss the death yak.
The death yak is lightly wounded.
You miss Prince Ribbit. Prince Ribbit hits you!
You block Prince Ribbit's attack. The death yak gores you!
You barely miss the death yak.
The death yak is lightly wounded.
You slash Prince Ribbit!
Prince Ribbit hits you but does no damage.
The death yak closely misses you.
You slice the death yak!!
The death yak is moderately wounded.
You slash Prince Ribbit!
You kill Prince Ribbit!
Trog accepts your kill.
Trog appreciates your killing of a magic user.
The death yak gores you but does no damage.
You slash the death yak!
The death yak is heavily wounded.
The death yak gores you!
You slash the death yak!
The death yak is severely wounded.
The death yak gores you but does no damage.
You barely miss the death yak.
The death yak is severely wounded.
The death yak gores you.
You are feeling hungry.
You barely miss the death yak.
The death yak is severely wounded.
You block the death yak's attack.
You barely miss the death yak.
The death yak is severely wounded.
The death yak gores you!!
Something shouts, "Away with thee, thou fawning two-tin-hat vulture!"
You barely miss the death yak.
The death yak is severely wounded.
The death yak gores you!
You slash the death yak!
The death yak is almost dead.
You block the death yak's attack.
You hit the death yak but do no damage.
The death yak is almost dead.
The death yak gores you!
* * * LOW HITPOINT WARNING * * *
A shadow imp comes into view.
The death yak gores you but does no damage.
The shadow imp shouts!
You barely miss the death yak.
The death yak is almost dead.
The death yak gores you!
* * * LOW HITPOINT WARNING * * *
Your ring mail prevents you from hitting the death yak.
The death yak is severely wounded.
You slash the shadow imp!
You are no longer berserk.
You are exhausted.
You feel as though you will be slow longer.
You feel the effects of Trog's Hand fading.
The shadow imp hits you but does no damage.
The death yak gores you!
* * * LOW HITPOINT WARNING * * *
Okay, then.
Okay, then.
Your skin crawls, and Trog's vigour flows through you.
You feel somewhat more hungry. The shadow imp barely misses you.
The death yak barely misses you. You block the shadow imp's attack.
Your polar bear goes berserk!
The death yak gores you!
You die...

#..# .. #..### ...#
####....####...#
###...?=..........
#......##........#
#.......#.#.......
#......)?.........
#.......#5........
##.....##.@.......
#....###.hY.....<
#.#.## #..!......
#.#... ..........
#.######.....#...
#.#####.######..#..#
..
#..............#..#
.
#.####.#.######.#..#
##<##


You could see a death yak, a shadow imp and a friendly polar bear (berserk).

Vanquished Creatures
  A deep elf mage (D:6)
  Prince Ribbit (D:7)
  2 hippogriffs (D:6)
  A water moccasin (D:7)
  An ice beast (D:5)
  A necrophage (D:5)
  A centaur (D:5)
  A killer bee (D:5)
  4 wights (D:6)
  An orc priest (D:5)
  A howler monkey (D:7)
  A crimson imp (D:4)
  A jelly (D:7)
  A hound (D:5)
  8 orc wizards
  2 iguanas
  3 worker ants
  7 gnolls
  6 adders
  A shadow imp (D:6)
  An ooze (D:3)
  An adder zombie (D:5)
  4 worms
  A dart slug (D:1)
  5 leopard geckos
  30 orcs
  A giant cockroach (D:1)
  6 goblins
  7 hobgoblins
  3 jackals
  7 quokkas
  A ball python (D:4)
  5 bats
  3 frilled lizards
  10 kobolds
  6 rats
136 creatures vanquished.

Vanquished Creatures (others)
  An orc (D:4)
1 creature vanquished.

Grand Total: 137 creatures vanquished

Notes
Turn   | Place    | Note
-------+----------+-------------------------------------------
     0 | D:1      | Artagas the Naga Berserker began the quest for the Orb.
     0 | D:1      | Reached XP level 1. HP: 21/21 MP: 1/1
    30 | D:1      | Reached XP level 2. HP: 16/28 MP: 2/2
   629 | D:1      | Reached XP level 3. HP: 34/34 MP: 3/3
   876 | D:1      | Reached ** piety under Trog
  1578 | D:2      | Found an ornate altar of the Wu Jian Council.
  1582 | D:2      | Found a burning altar of Makhleb.
  2092 | D:3      | Reached skill level 4 in Fighting
  2092 | D:3      | Reached XP level 4. HP: 44/44 MP: 4/4
  2131 | D:3      | Reached skill level 4 in Axes
  2237 | D:3      | Found a blossoming altar of Fedhas.
  2599 | D:3      | Reached XP level 5. HP: 51/51 MP: 5/5
  2607 | D:3      | Reached *** piety under Trog
  3488 | D:3      | Reached skill level 5 in Fighting
  3488 | D:3      | Reached skill level 5 in Axes
  3488 | D:3      | Reached XP level 6. HP: 61/61 MP: 6/6
  4023 | D:4      | Found a staircase to the Ecumenical Temple.
  4521 | D:4      | Found Sesitodgh's General Store.
  4607 | D:4      | Bought a scroll of enchant armour for 75 gold pieces
  4607 | D:4      | Bought a +0 war axe for 35 gold pieces
  5105 | D:5      | Entered Level 5 of the Dungeon
  5161 | D:5      | Reached XP level 7. HP: 68/68 MP: 7/7
  5281 | D:5      | Reached skill level 6 in Fighting
  5281 | D:5      | Reached skill level 6 in Axes
  6327 | D:5      | Reached XP level 8. HP: 69/77 MP: 8/8
  6681 | D:6      | Reached skill level 7 in Fighting
  6684 | D:6      | Found the +3 sling "Punk" {acid, rCorr}
  6688 | D:6      | Reached **** piety under Trog
  6689 | D:6      | Reached skill level 7 in Axes
  6847 | D:6      | Noticed a deep elf mage
  6857 | D:6      | Killed a deep elf mage
  6946 | D:6      | Reached skill level 8 in Fighting
  6946 | D:6      | Reached skill level 8 in Axes
  6950 | D:6      | Reached skill level 1 in Shields
  7314 | D:6      | Noticed a hippogriff
  7325 | D:6      | Killed a hippogriff
  7326 | D:6      | Reached XP level 9. HP: 87/90 MP: 9/9
  7651 | D:6      | Reached skill level 2 in Shields
  7870 | D:7      | Noticed Prince Ribbit
  7870 | D:7      | Noticed a death yak
  7882 | D:7      | Killed Prince Ribbit
  7891 | D:7      | HP: 20/135 [death yak (15)]
  7892 | D:7      | HP: 8/90 [death yak (7)]
  7894 | D:7      | Slain by a death yak

Skill      XL: |  1  2  3  4  5  6  7  8  9 |
---------------+----------------------------+-----
Fighting       | 4 5 6 8 |  8.8
Axes           | 4 5 6 8 |  8.8
Shields        | 1 2 |  2.9
Armour         | |  1.5
Dodging        | |  1.5

Action                   |  1- 3 |  4- 6 |  7- 9 || total
-------------------------+-------+-------+-------++-------
Melee: Hand axe          |   100 |   149 |       ||   249
       War axe           |       |    35 |   164 ||   199
Throw: Tomahawk          |       |     1 |     9 ||    10
Invok: Berserk           |     4 |     6 |     7 ||    17
       Trog's Hand       |       |       |     2 ||     2
       Brothers in Arms  |       |       |     1 ||     1
 Abil: Spit Poison       |       |     2 |       ||     2
  Use: Scroll            |     2 |     4 |     1 ||     7
  Eat: Chunk             |     8 |    18 |    15 ||    41
       Ration            |       |       |     1 ||     1
Armor: Animal skin       |     3 |       |       ||     3
       Leather armour    |     6 |    12 |    54 ||    72
       Chain mail        |    37 |    69 |       ||   106
       Ring mail         |       |       |    22 ||    22
Dodge: Dodged            |    27 |    74 |    77 ||   178
       Deflected         |       |       |     1 ||     1
Block: Buckler           |       |       |    26 ||    26

Levels and vault maps discovered:
D:1:      saegor_arrival_simple_e, layout_rooms, serial_curves, eino_curves_03,
          eino_curves_01
D:2:      layout_loops_cross, grunt_temple_overflow_open
D:3:      layout_basic, serial_curves, eino_curves_04, eino_curves_03,
          first_ration, fedhas_altar_fruit_tree
D:4:      layout_rooms, temple_statues, serial_shops, shop
D:5:      layout_loops_corners, reono_crystal_passage
D:6:      layout_loops_ring, minmay_misc_feat_diagonals
D:7:      layout_loops_ring, dpeg_lair_monsters, uniq_duvessa,
          uniq_prince_ribbit1

Table legend:
 A = Turns spent in this place as a percentage of turns spent in the entire game.
 B = Non-inter-level travel turns spent in this place as a percentage of non-inter-level travel turns spent in the entire game.
 C = Inter-level travel turns spent in this place as a percentage of turns spent in this place.
 D = Turns resting spent in this place as a percentage of non-inter-level travel turns spent in this place.
 E = Turns spent auto-exploring this place as a percentage of non-inter-level travel turns spent in this place.
 F = Non-inter-level travel turns spent in this place divided by the number of levels of this place that you've seen.
                   A       B       C       D       E      F
               +-------+-------+-------+-------+-------+----------------------
         Total | 100.0 | 100.0 |   3.8 |  30.6 |  56.6 | 1085.0
       Dungeon | 100.0 | 100.0 |   3.8 |  30.6 |  56.6 | 1085.0
               +-------+-------+-------+-------+-------+----------------------

Table legend:
 A = Kills in this place as a percentage of kills in entire the game.
 B = Kills by you in this place as a percentage of kills by you in the entire game.
 C = Kills by friends in this place as a percentage of kills by friends in the entire game.
 D = Other kills in this place as a percentage of other kills in the entire game.
 E = Experience gained in this place as a percentage of experience gained in the entire game.
 F = Experience gained in this place divided by the number of levels of this place that you have seen.
                   A       B       C       D       E      F
               +-------+-------+-------+-------+-------+----------------------
         Total | 100.0 | 100.0 |   N/A | 100.0 | 100.0 | 463.9
       Dungeon | 100.0 | 100.0 |   N/A | 100.0 | 100.0 | 463.9
               +-------+-------+-------+-------+-------+----------------------
